 Dungeon Crawl Stone Soup version 0.20.0-15-g7f486f2 (webtiles) character file.

1617 greprep the Fighter (level 8, -6/75 HPs)
             Began as a Minotaur Abyssal Knight on June 13, 2017.
             Was a Priest of Lugonu.
             Mangled by an ice beast (7 damage)
             ... on level 5 of the Dungeon.
             The game lasted 00:08:40 (5557 turns).

greprep the Fighter (Minotaur Abyssal Knight)       Turns: 5557, Time: 00:08:41

Health: -6/75      AC:  5    Str: 19    XL:     8   Next: 64%
Magic:  9/9        EV: 13    Int:  9    God:    Lugonu [***...]
Gold:   177        SH:  0    Dex: 10    Spells: 7/7 levels left

rFire    + . .     SeeInvis +   a - +1 mace
rCold    . . .     Gourm    +   (no shield)
rNeg     . . .     Faith    .   b - +0 leather armour
rPois    .         Spirit   .   (helmet restricted)
rElec    .         Reflect  .   n - +0 cloak
rCorr    .         Harm     .   (no gloves)
MR       .....     Rnd*Rage +   (no boots)
Stlth    +.........             x - amulet of the gourmand
Regen    0.3/turn               g - ring of protection from fire
MPRegen  0.2/turn               k - ring of see invisible (curse)

@: no status effects
A: retaliatory headbutt, horns 2, berserk 1, subdued magic 1
a: Depart the Abyss, Bend Space, Banish, Renounce Religion


You were on level 5 of the Dungeon.
You worshipped Lugonu.
Lugonu was most pleased with you.
You were not hungry.

You visited 1 branch of the dungeon, and saw 5 of its levels.
You visited the Abyss 1 time.

You collected 177 gold pieces.

Inventory:

Hand Weapons
 a - a +1 mace (weapon)
Armour
 b - a +0 leather armour (worn)
 n - a +0 cloak (worn)
Jewellery
 g - a ring of protection from fire (left hand)
 k - a cursed ring of see invisible (right hand)
 m - a +2 amulet of reflection
 q - an uncursed amulet of harm
 v - an uncursed ring of protection from cold {unknown}
 x - an amulet of the gourmand (around neck)
Scrolls
 e - 2 scrolls of enchant weapon {unknown}
 h - a scroll of teleportation {unknown}
 i - 4 scrolls of identify {unknown}
 j - 2 scrolls of magic mapping {unknown}
 s - a scroll of noise {unknown}
 u - a scroll of amnesia {unknown}
 y - a scroll of blinking {unknown}
 z - a scroll of recharging {unknown}
 A - a scroll of immolation {unknown}
 B - a scroll of remove curse {unknown}
Potions
 l - a potion of cancellation {unknown}
 o - a potion of berserk rage {unknown}
 p - a potion of lignification {unknown}
 r - a potion of haste {unknown}
 t - a potion of heal wounds
 C - a potion of brilliance {unknown}
 D - a potion of curing {unknown}
Books
 d - a book of Maledictions

   Spells                             Type                      Level
   a - Corona                         Hexes                        1
   b - Ensorcelled Hibernation        Hexes/Ice                    2
   c - Confuse                        Hexes                        3
   d - Tukima's Dance                 Hexes                        3
   e - Dazzling Spray                 Conjuration/Hexes            3
Comestibles
 c - 3 bread rations
 f - 5 royal jellies
 w - a fruit


   Skills:
 + Level 8.7 Fighting
 + Level 7.7 Maces & Flails
 + Level 5.7 Armour
 + Level 4.1 Dodging
 + Level 2.8 Invocations


You had 7 spell levels left.
You didn't know any spells.

Dungeon Overview and Level Annotations

Branches:
Dungeon (5/15)
 Temple: D:4-7

Altars:
Cheibriados
Kikubaaqudgha
Nemelex Xobeh
Qazlal
The Shining One


Innate Abilities, Weirdness & Mutations

You reflexively headbutt those who attack you in melee.
You have a pair of horns on your head.
You tend to lose your temper in combat.
Your spells are a little easier to cast, but a little less powerful.


Message History

You are too injured to fight recklessly!
You are too injured to fight recklessly!
You are too injured to fight recklessly!
You are too injured to fight recklessly!
You hit the ice beast.
The ice beast is lightly wounded.
The ice beast hits you. The ice beast freezes you!
* * * LOW HITPOINT WARNING * * *
You closely miss the ice beast. You headbutt the ice beast.
The ice beast is moderately wounded.
The ice beast hits you.
* * * LOW HITPOINT WARNING * * *
The ice beast freezes you!
* * * LOW HITPOINT WARNING * * *
You sock the ice beast!
The ice beast is almost dead.
The ice beast hits you.
* * * LOW HITPOINT WARNING * * *
The ice beast freezes you!
You die...

#.# ..# #.. #.# #..##.#
...#.# # #.#.##
#.#....#######
#...†....)[...
####...###########
##..)...?..@Y.#
#.#..#######....# #.#..#
#### #..#.# ##.#.# #...#
##..########## #............
#########.##################


You could see an ice beast.

Vanquished Creatures
  A shining eye (Abyss:1)
  Grinder (D:3)
  The ghost of NoAnimeNoLife the Skirmisher, an amateur OpFi (D:3)
  The ghost of CODWOMAN the Chiller, an amateur DsIE (D:4)
  2 ogres
  A centaur (D:4)
  3 crimson imps (D:5)
  2 hounds
  3 orc priests
  An orc wizard (D:5)
  Ijyb (D:5)
  An iguana (D:5)
  3 worker ants
  5 adders (D:3)
  A howler monkey skeleton (D:4)
  2 oozes
  3 worms
  4 dart slugs
  4 leopard geckos
  13 orcs
  A ball python (D:3)
  8 bats
  3 goblins
  5 hobgoblins
  4 jackals (D:4)
  A quokka (D:3)
  11 frilled lizards
  9 kobolds
  4 rats
99 creatures vanquished.

Vanquished Creatures (others)
  A quokka (D:5)
1 creature vanquished.

Grand Total: 100 creatures vanquished

Notes
Turn   | Place    | Note
-------+----------+-------------------------------------------
     0 | Abyss:1  | greprep the Minotaur Abyssal Knight began the quest for the Orb.
     0 | Abyss:1  | Reached XP level 1. HP: 19/19 MP: 1/1
     2 | Abyss:1  | Found a corrupted altar of Lugonu.
    56 | Abyss:1  | Noticed a shining eye
    59 | Abyss:1  | Gained mutation: You tend to lose your temper in combat. [a shining eye]
    69 | Abyss:1  | Gained mutation: Your spells are a little easier to cast, but a little less powerful. [a shining eye]
    77 | Abyss:1  | Killed a shining eye
    77 | Abyss:1  | Reached skill level 7 in Fighting
    77 | Abyss:1  | Reached XP level 2. HP: 34/34 MP: 2/2
    77 | Abyss:1  | Reached XP level 3. HP: 39/39 MP: 3/3
    77 | Abyss:1  | Reached XP level 4. HP: 47/47 MP: 4/4
    77 | Abyss:1  | Reached XP level 5. HP: 52/52 MP: 5/5
    77 | Abyss:1  | Reached XP level 6. HP: 60/60 MP: 6/6
    81 | Abyss:1  | Noticed a rakshasa
    83 | D:1      | Escaped the Abyss
   853 | D:2      | Reached ** piety under Lugonu
  1829 | D:3      | Noticed Grinder
  1836 | D:3      | Reached XP level 7. HP: 62/66 MP: 7/7
  1838 | D:3      | Paralysed by Grinder for 3 turns
  1854 | D:3      | Found a sparkling altar of Nemelex Xobeh.
  1854 | D:3      | Found a glowing golden altar of the Shining One.
  1854 | D:3      | Found an ancient bone altar of Kikubaaqudgha.
  1856 | D:3      | Paralysed by Grinder for 5 turns
  1863 | D:3      | Paralysed by Grinder for 6 turns
  1871 | D:3      | Killed Grinder
  1871 | D:3      | Reached skill level 5 in Maces & Flails
  1896 | D:3      | Found a stormy altar of Qazlal.
  2241 | D:3      | Noticed NoAnimeNoLife's ghost (amateur OpFi)
  2249 | D:3      | Killed NoAnimeNoLife's ghost
  2249 | D:3      | Reached skill level 8 in Fighting
  2277 | D:4      | Found a snail-covered altar of Cheibriados.
  2277 | D:4      | Noticed CODWOMAN's ghost (amateur DsIE)
  2625 | D:4      | Killed CODWOMAN's ghost
  2703 | D:4      | Reached *** piety under Lugonu
  2713 | D:4      | Reached XP level 8. HP: 26/74 MP: 9/9
  4245 | D:5      | Entered Level 5 of the Dungeon
  4250 | D:5      | Reached skill level 5 in Armour
  4262 | D:5      | Noticed Ijyb
  4262 | D:5      | Paralysed by Ijyb for 5 turns
  4271 | D:5      | Paralysed by Ijyb for 6 turns
  4283 | D:5      | Paralysed by Ijyb for 6 turns
  4442 | D:5      | Killed Ijyb
  5108 | D:5      | HP: 3/75 [poisoned by an orc wizard]
  5557 | D:5      | HP: 1/75 [ice beast (3)]
  5557 | D:5      | Mangled by an ice beast

Skill      XL: |  1  2  3  4  5  6  7  8 |
---------------+-------------------------+-----
Fighting       | 7 8 |  8.7
Maces & Flails | 3 4 6 7 |  7.7
Armour         | 3 4 5 |  5.7
Invocations    | 2 |  2.8
Dodging        | 3 4 |  4.1

Action                   |  1- 3 |  4- 6 |  7- 9 || total
-------------------------+-------+-------+-------++-------
Melee: Mace              |    14 |    97 |   193 ||   304
       Headbutt          |     8 |    14 |    27 ||    49
Invok: Bend Space        |       |       |     2 ||     2
  Use: Potion            |       |       |     1 ||     1
  Eat: Chunk             |       |     2 |     3 ||     5
       Meat ration       |       |       |     2 ||     2
Armor: Leather armour    |       |    25 |    38 ||    63
Dodge: Dodged            |       |    59 |    95 ||   154
